 Dungeon Crawl Stone Soup version 0.19-a0-722-g27ac516 (webtiles) character file.

242179 Gorice the Severer (level 20, -9/178 HPs)
             Began as a Hill Orc Abyssal Knight on June 20, 2016.
             Was the Champion of Lugonu.
             Shot with a bolt by a naga sharpshooter (18 damage)
             ... on level 4 of the Snake Pit on June 21, 2016.
             The game lasted 04:52:39 (47736 turns).

Gorice the Severer (Hill Orc Abyssal Knight)       Turns: 47736, Time: 04:52:41

Health: -9/178     AC: 23    Str: 20    XL:     20   Next: 20%
Magic:  0/32       EV: 18    Int: 18    God:    Lugonu [******]
Gold:   723        SH:  0    Dex: 14    Spells: 4 memorised, 18 levels left

rFire  . . .     SeeInvis .     a - +2 battleaxe (freeze)
rCold  + . .     Gourm    .     y - +4 moon troll leather armour {Spirit, Regen++ MP+5}
rNeg   . . .     Faith    .     (shield currently unavailable)
rPois  .         Spirit   +     e - +2 hat {rC+}
rElec  .         Dismiss  .     H - +2 cloak {MR+}
rCorr  .         Reflect  .     q - +0 pair of gloves
SustAt .         Harm     .     P - +0 pair of boots
MR     +++..                    s - amulet of regeneration
Stlth  +.........               C - +3 ring of protection
                                w - ring of Benevolence {+Fly MR+ Int+3 Dex+3}

@: lethally poisoned (-9 -> -10), about to teleport, constricted, repel
missiles, extremely resistant to hostile enchantments, very unstealthy
A: no striking features
a: Depart the Abyss, Bend Space, Banish, Corrupt, Enter the Abyss, Brand Weapon
With Distortion, Renounce Religion, Evoke Flight


You were on level 4 of the Snake Pit.
You worshipped Lugonu.
Lugonu was exalted by your worship.
You were not hungry.

You visited 8 branches of the dungeon, and saw 31 of its levels.
You visited the Abyss 1 time.
You also visited: Ossuary and Ice Cave.

You collected 3152 gold pieces.
You spent 2429 gold pieces at shops.

Inventory:

Hand Weapons
 a - a +2 battleaxe of freezing (weapon)
   (You subdued it on level 2 of the Elven Halls)
 d - a +1 war axe of distortion
   (You took it off a naga warrior on level 1 of the Snake Pit)
 f - a +1 broad axe of flaming
   (You acquired it on level 1 of the Lair of Beasts)
 B - a +0 blowgun
 S - a +0 vampiric war axe
   (You took it off a naga on level 4 of the Snake Pit)
Missiles
 l - 12 curare-tipped needles
 x - 10 steel javelins (quivered)
 I - 6 javelins
 Y - 4 throwing nets
Armour
 e - a +2 hat of cold resistance (worn)
   (You found it in an ice cave)
 q - a +0 pair of gloves (worn)
 y - the +4 moon troll leather armour (worn) {Spirit, Regen++ MP+5}
   (You bought it in a shop on level 2 of the Orcish Mines)

   It affects your magic capacity (+5).
   It increases your rate of regeneration.
 H - a +2 cloak of magic resistance (worn)
   (You took it off Crazy Yiuf on level 5 of the Dungeon)
 P - a +0 pair of boots (worn)
Jewellery
 s - an amulet of regeneration (around neck)
 w - the ring of Benevolence (left hand) {+Fly MR+ Int+3 Dex+3}
   (You found it on level 12 of the Dungeon)

   [ring of protection from magic]

   It affects your intelligence (+3).
   It affects your dexterity (+3).
   It affects your resistance to hostile enchantments.
   It lets you fly.
 C - a +3 ring of protection (right hand)
 F - an uncursed ring of sustain attributes
 V - the ring "Minwoj" {rCorr MP-9 Dex+3}
   (You took it off a kobold on level 10 of the Dungeon)

   [ring of resist corrosion]

   It affects your dexterity (+3).
   It affects your magic capacity (-9).
Wands
 b - a wand of paralysis (13/24)
 m - a wand of disintegration (9/24)
 o - a wand of digging (12/24)
 p - a wand of lightning (14/15)
 r - a wand of iceblast (9/15)
 J - a wand of polymorph (11/24)
 M - a wand of enslavement (9/24)
 Z - a wand of heal wounds (7/9) {!d}
Scrolls
 i - 5 scrolls of identify
 k - 7 scrolls of teleportation {!r}
 u - 5 scrolls of magic mapping {!r}
 v - a scroll of blinking
 A - 2 scrolls of silence {!r}
 E - 2 scrolls of fog
 G - 2 scrolls of holy word {!r}
 L - 2 scrolls of amnesia
 N - a scroll of noise {!r}
 O - a scroll of enchant weapon
 W - 9 scrolls of remove curse
Potions
 h - 2 potions of cancellation {!q}
 j - 5 potions of resistance {!q}
 n - 6 potions of lignification {!q}
 z - 2 potions of might {!q}
 D - 3 potions of haste {!q}
 K - a potion of agility {!q}
 Q - 2 potions of curing
 X - 2 potions of invisibility {!q}
Books
 g - a book of Geomancy
Miscellaneous
 t - a lamp of fire
 U - a box of beasts
Comestibles
 c - 16 bread rations {!e}
 T - 28 fruits


   Skills:
 - Level 15.0 Fighting
 - Level 20.0 Axes
 - Level 18.0 Armour
 * Level 13.7 Dodging
 - Level 5.1 Spellcasting
 + Level 11.8 Charms
 - Level 3.3 Air Magic
 - Level 8.0 Invocations
 - Level 9.2 Evocations


You had 18 spell levels left.
You knew the following spells:

 Your Spells              Type           Power        Failure   Level  Hunger
A - Apportation           Tloc           #.........   17%         1    None
H - Haste                 Chrm           #####...     17%         6    #######
M - Repel Missiles        Chrm/Air       ####..       1%          2    #......
S - Swiftness             Chrm/Air       ####....     1%          2    #......


Dungeon Overview and Level Annotations

Branches:
Dungeon (15/15)            Temple (1/1) D:4            Lair (5/6) D:8
 Shoals (1/4) Lair:4        Snake (4/4) Lair:2          Orc (2/2) D:12
    Elf (2/3) Orc:2        Vaults (0/5) D:13         Depths (1/5) D:15
  Slime: Lair:5-6

Altars:
Ashenzari
Cheibriados
Dithmenos
Elyvilon
Fedhas
Gozag
Hepliaklqana
Kikubaaqudgha
Makhleb
Nemelex Xobeh
Okawaru
Pakellas
Qazlal
Ru
Sif Muna
Trog
Uskayaw
Vehumet
Xom
Yredelemnul
Zin
The Shining One
Beogh

Shops:
D:8 *=(   D:14 %!!   Orc:2 %[[(

Portals:
Hell: Depths:1
Abyss: Depths:1
Trove: D:11 (give 14 scrolls of teleportation)

Annotations:
D:6 Prince Ribbit
D:12 pUX: lindwurm island
Abyss:1 Vashnia


Message History

The guardian serpent completely misses you.
The naga sharpshooter mumbles some strange words.
The naga sharpshooter magically shoots a bolt.
The bolt is repelled.
The guardian serpent closely misses you.
Damage: 2 (max 46) Unknown command.
Unknown command.
You feel better.
The guardian serpent hits you but does no damage.
The guardian serpent misses you. The greater naga misses you.
* * * LOW HITPOINT WARNING * * *
The greater naga constricts you.
The naga sharpshooter spits poison at you.
The splash of poison is repelled.
The guardian serpent misses you.
The guardian serpent completely misses you.
Unknown command.
Unknown command.
Unknown command.
Okay, then.
Space bends around you!
Your attempt to break free from the greater naga fails, but you feel that another attempt might succeed.
* * * LOW HITPOINT WARNING * * *
The greater naga points at you and mumbles some strange words.
The bolt of poison hits you!
You are poisoned.
* * * LOW HITPOINT WARNING * * *
The greater naga constricts you. The guardian serpent hits you.
* * * LOW HITPOINT WARNING * * *
The naga sharpshooter shoots a bolt.
The bolt is repelled.
The guardian serpent closely misses you.
The greater naga spits poison at you. The splash of poison hits you!
You are more poisoned.
The greater naga constricts you.
Damage: 12 (max 46) Unknown command.
Your attempt to break free from the greater naga fails, but you feel that another attempt might succeed.
You feel sick.
The guardian serpent casts a spell at you.
You resist with almost no effort.
The guardian serpent closely misses you.
The greater naga hits you with a spear.
* * * LOW HITPOINT WARNING * * *
x2 The greater naga constricts you.
The guardian serpent hits you.
* * * LOW HITPOINT WARNING * * *
The naga sharpshooter gestures wildly while chanting.
The naga sharpshooter magically shoots a bolt.
The bolt hits you!!
You die...

##.##......#....)######.()..###..
#.##......##.))###....###)...#...
.##......##.).##.(..S...##)..###.
.#......###...#..........##[).###
........###..##....###... #)).#.#
.........#...#....## N #.).#..
.........#...#..(## #...#..
....<....#...#.SN# #)..#..
...†)...##...#.N@## ##.)(###
.....)...#..)#.S..## #...## #
...))....#..(##.(..## ###)..####
.........##...##....####)(...#...
#....#...##....##...)..)(...##...
#.##.....###....##(.)(.)...##...#
#......#####...).###....(####.###
.......##..##..)..#########.#.# #
.......#....##))...## #....###


You could see a greater naga, a naga sharpshooter and 2 guardian serpents.

Vanquished Creatures
  Jorgrun (Snake:4)
  Gastronok (D:12)
  16 greater nagas
  A storm dragon (D:15)
  A frost giant (D:14)
  A balrug (Depths:1)
  Aizul (Snake:3)
  An orc warlord (Orc:2)
  2 stone giants (Depths:1)
  A deep elf demonologist (Elf:1)
  A dire elephant (D:14)
  A blizzard demon (Depths:1)
  An ettin (Depths:1)
  A merfolk javelineer (Shoals:1)
  2 fire dragons (Depths:1)
  Josephine (Orc:2)
  A deep elf death mage (Elf:1)
  A merfolk impaler (Shoals:1)
  A great orb of eyes (Depths:1)
  A deep elf high priest (Elf:2)
  A yaktaur captain (Depths:1)
  2 hydras (Lair:2)
  A rakshasa (Depths:1)
  The ghost of Gruesome the Carver, a journeyman FoFi of Cheibriados (D:11)
  34 naga warriors
  3 ice dragons
  7 anacondas
  A merfolk avatar (Shoals:1)
  7 vault guards (D:13)
  5 centaur warriors
  A catoblepas (Lair:5)
  A death knight (D:15)
  A vampire mage (Depths:1)
  2 deep troll shamans (Depths:1)
  2 merfolk aquamancers (Shoals:1)
  14 dancing weapons
  3 tengu warriors
  4 ogre magi
  A deep troll earth mage (D:15)
  10 shock serpents
  An orc high priest (Orc:2)
  2 sun demons (Depths:1)
  20 naga sharpshooters
  Nergalle (D:10)
  Sonja (D:13)
  19 deep elf knights
  A skeletal warrior (D:14)
  3 deep trolls (D:15)
  5 salamander mystics
  2 sea snakes (Shoals:1)
  6 unseen horrors
  7 naga ritualists
  7 deep elf archers
  4 lindwurms (D:12)
  44 deep elf magi
  7 hill giants
  Pikel (D:7)
  2 large abominations (Depths:1)
  A phantasmal warrior (D:14)
  5 harpies
  A necromancer (IceCv)
  4 ugly things
  3 orc sorcerers
  2 wolf spiders
  A wizard (D:15)
  6 mana vipers
  18 salamanders
  3 griffons
  2 fauns (Shoals:1)
  3 manticores
  6 elephants (Lair:5)
  Joseph (D:9)
  3 sirens
  2 cyclopes
  3 gargoyles
  26 naga magi
  2 water nymphs (Shoals:1)
  9 guardian serpents
  2 torpor snails
  7 centaur skeletons
  An ice statue (IceCv)
  2 smoke demons (Depths:1)
  11 spiny frogs
  22 black mambas
  8 komodo dragons
  A komodo dragon (shapeshifter) (D:13)
  A kobold demonologist (D:15)
  2 rime drakes
  4 yaktaurs (Depths:1)
  11 freezing wraiths
  2 tengu conjurers
  4 ice devils
  6 trolls
  6 meliai (D:15)
  5 two-headed ogres
  A polar bear (shapeshifter) (Elf:1)
  The ghost of George the Slasher, an amateur MiFi of Okawaru (Ossuary)
  11 merfolk
  A wind drake (Shoals:1)
  21 slime creatures
  17 blink frogs
  A boulder beetle (D:15)
  2 snapping turtles (Shoals:1)
  A meliai zombie (D:12)
  Sigmund (D:3)
  A spriggan (D:10)
  2 wyverns
  A fire bat (shapeshifter) (D:14)
  8 wraiths
  2 basilisks (Lair:2)
  A shadow (D:14)
  6 water elementals
  36 yaks
  10 hippogriffs
  3 fire elementals
  4 hungry ghosts
  5 vampire mosquitoes
  4 chaos spawn (Depths:1)
  A mottled dragon (shapeshifter) (Depths:1)
  A death yak simulacrum (IceCv)
  2 wargs (Orc:1)
  A mottled dragon (D:14)
  102 nagas
  8 water moccasins
  5 porcupines
  37 orc warriors
  17 ice beasts
  3 sky beasts
  A black bear (D:8)
  2 slaves (D:7)
  6 boggarts
  A phantom (D:9)
  A necrophage (D:10)
  4 small abominations (Depths:1)
  5 wolves (Lair:3)
  11 centaurs
  An eye of draining (shapeshifter) (D:14)
  19 ogres
  2 big kobolds
  9 crocodiles
  An elf zombie (Ossuary)
  20 giant frogs
  2 wyvern zombies
  3 earth elementals
  A water moccasin zombie (D:5)
  5 scorpions
  A vampire bat (D:2)
  10 killer bees
  14 wights
  A howler monkey (D:14)
  8 electric eels
  3 centaur zombies
  A giant frog zombie (D:9)
  A quasit (D:8)
  12 crimson imps
  5 draconian simulacra (IceCv)
  5 hounds
  Crazy Yiuf (D:5)
  2 jellies
  2 gnoll shamans
  3 human zombies (Ossuary)
  30 orc priests
  2 giant frog skeletons
  An iron imp (Depths:1)
  26 orc wizards
  Natasha (D:2)
  Terence (D:1)
  8 iguanas
  3 troll simulacra (IceCv)
  3 spriggan simulacra (IceCv)
  6 worker ants
  3 polar bear simulacra (IceCv)
  3 big kobold zombies (Ossuary)
  5 centaur simulacra
  A hound zombie (D:8)
  2 mummies (Ossuary)
  A worker ant zombie (D:11)
  Robin (D:2)
  22 gnolls
  A howler monkey zombie (D:5)
  14 adders
  2 ogre simulacra (IceCv)
  26 river rats
  4 naga simulacra (IceCv)
  4 shadow imps
  19 white imps
  An ooze (D:6)
  2 adder skeletons
  3 adder zombies
  2 worms
  13 dart slugs
  3 giant geckos
  118 orcs
  2 ball pythons
  9 bats
  4 bat skeletons (D:2)
  2 bat zombies (D:2)
  7 giant cockroaches
  15 goblins
  10 hobgoblins
  9 jackals
  5 quokkas
  2 giant gecko zombies
  8 giant newts
  12 hobgoblin zombies (Ossuary)
  A jackal zombie (Ossuary)
  10 kobolds
  5 kobold zombies (Ossuary)
  9 orc zombies (Ossuary)
  A quokka skeleton (D:8)
  2 quokka zombies (D:5)
  7 rats
  A fungus (Lair:4)
  4 plants
1403 creatures vanquished.

Vanquished Creatures (collateral kills)
  A snapping turtle (Shoals:1)
1 creature vanquished.

Vanquished Creatures (others)
  A deep elf blademaster (Elf:2)
  An anaconda (Snake:1)
  A dancing weapon (Elf:2)
  A deep elf knight (Elf:2)
  A sky beast (D:10)
  A slave (D:7)
  2 crimson imps (Depths:1)
  An orc priest (D:10)
  An orc wizard (Orc:2)
  A shadow imp (D:12)
  A goblin (D:3)
  5 fungi
  2 plants
19 creatures vanquished.

Grand Total: 1423 creatures vanquished

Notes
Turn   | Place    | Note
--------------------------------------------------------------
     0 | Abyss:1  | Gorice the Hill Orc Abyssal Knight began the quest for the Orb.
     0 | Abyss:1  | Reached XP level 1. HP: 19/19 MP: 2/2
     1 | Abyss:1  | Found a corrupted altar of Lugonu.
    32 | D:1      | Escaped the Abyss
    72 | D:1      | Reached skill level 3 in Axes
   353 | D:1      | Reached XP level 2. HP: 27/27 MP: 3/3
   514 | D:1      | Reached skill level 4 in Fighting
   682 | D:1      | Reached ** piety under Lugonu
   997 | D:2      | Noticed Robin
  1004 | D:1      | Reached XP level 3. HP: 29/33 MP: 4/4
  1013 | D:1      | Reached skill level 4 in Axes
  1194 | D:1      | HP: 8/33 [hobgoblin/club[Robin] (5)]
  1199 | D:1      | HP: 3/33 [goblin/club[Robin] (5)]
  1507 | D:2      | Reached XP level 4. HP: 40/40 MP: 5/5
  1508 | D:2      | Found an oddly glowing altar of Pakellas.
  1511 | D:2      | Found a basalt altar of Yredelemnul.
  1535 | D:2      | Found a hide-covered altar of Uskayaw.
  1535 | D:2      | Found a shimmering altar of Xom.
  1576 | D:2      | Noticed Terence
  1577 | D:2      | Killed Robin
  1577 | D:2      | Reached skill level 5 in Axes
  1602 | D:1      | Killed Terence
  1602 | D:1      | Reached *** piety under Lugonu
  1602 | D:1      | Reached skill level 3 in Armour
  1704 | D:2      | --woah Robin had a war axe of elec, lucky I'd got that +3 sling!
  1765 | D:2      | Found a sparkling altar of Nemelex Xobeh.
  1993 | D:2      | Noticed Natasha
  2000 | D:2      | Killed Natasha
  2000 | D:2      | Reached XP level 5. HP: 38/46 MP: 6/6
  2050 | D:2      | Found an ancient bone altar of Kikubaaqudgha.
  2077 | D:2      | Reached skill level 6 in Axes
  2190 | D:2      | Found a deep blue altar of Sif Muna.
  2378 | D:3      | Noticed Sigmund
  2401 | D:3      | Killed Sigmund
  2401 | D:3      | Reached skill level 7 in Axes
  2401 | D:3      | Reached skill level 4 in Armour
  2401 | D:3      | Reached XP level 6. HP: 25/52 MP: 7/7
  2567 | D:3      | Found a radiant altar of Vehumet.
  2623 | D:3      | Reached XP level 7. HP: 48/59 MP: 8/8
  2726 | D:3      | Reached **** piety under Lugonu
  2726 | D:3      | Reached skill level 8 in Axes
  3251 | D:4      | Found a shadowy altar of Dithmenos.
  3314 | D:4      | Found an iron altar of Okawaru.
  3355 | D:4      | Found a sand-covered staircase.
  3378 | Ossuary  | Entered an ossuary
  3433 | Ossuary  | Noticed George's ghost (amateur MiFi)
  3446 | Ossuary  | Killed George's ghost
  3446 | Ossuary  | Reached skill level 9 in Axes
  3446 | Ossuary  | Reached skill level 5 in Armour
  3551 | Ossuary  | Reached XP level 8. HP: 66/66 MP: 9/9
  3629 | Ossuary  | Reached ***** piety under Lugonu
  3670 | Ossuary  | Reached skill level 10 in Axes
  3745 | Ossuary  | Reached skill level 6 in Armour
  3882 | D:4      | Found a glowing golden altar of the Shining One.
  3966 | D:4      | Found a staircase to the Ecumenical Temple.
  3992 | Temple   | Entered the Ecumenical Temple
  4193 | D:4      | Reached skill level 11 in Axes
  4527 | D:4      | Upgraded the game from 0.19-a0-713-g934ebc7 to 0.19-a0-722-g27ac516
  4529 | D:5      | Entered Level 5 of the Dungeon
  4873 | D:5      | Reached XP level 9. HP: 67/71 MP: 10/10
  4937 | D:5      | Reached skill level 12 in Axes
  5072 | D:5      | Noticed Crazy Yiuf
  5077 | D:5      | Killed Crazy Yiuf
  5223 | D:5      | Reached skill level 7 in Armour
  5286 | D:5      | Found a glowing golden altar of the Shining One.
  5359 | D:5      | Reached ****** piety under Lugonu
  5383 | D:6      | Found a shattered altar of Ashenzari.
  5411 | D:5      | Reached skill level 13 in Axes
  5433 | D:5      | Reached skill level 8 in Armour
  5601 | D:6      | Reached skill level 14 in Axes
  5612 | D:6      | Found a blossoming altar of Fedhas.
  5759 | D:6      | Noticed Prince Ribbit
  5943 | D:7      | Reached XP level 10. HP: 78/78 MP: 11/11
  6199 | D:7      | Found a stormy altar of Qazlal.
  6642 | D:7      | Noticed Pikel
  6650 | D:7      | Killed Pikel
  6650 | D:7      | Reached skill level 15 in Axes
  6650 | D:7      | Reached skill level 9 in Armour
  6890 | D:7      | Found an opulent altar of Gozag.
  7018 | D:8      | Found a staircase to the Lair.
  7299 | D:8      | Found Coqaubb's Assorted Antiques.
  7487 | D:8      | Found Midozal's Jewellery Emporium.
  7532 | D:8      | Reached skill level 16 in Axes
  7540 | D:8      | Found Kuolih's Weapon Shop.
  7747 | Lair:1   | Entered Level 1 of the Lair of Beasts
  7913 | Lair:1   | Learned a level 2 spell: Repel Missiles
  7981 | Lair:1   | Reached skill level 10 in Armour
  8184 | Lair:1   | Reached XP level 11. HP: 70/84 MP: 12/12
  8362 | Lair:2   | HP: 25/84 [poisoned by a black mamba]
  8368 | Lair:2   | HP: 25/84 [poisoned by a black mamba]
  8378 | Lair:2   | HP: 25/84 [yak (2)]
  8384 | Lair:1   | Reached skill level 17 in Axes
  8384 | Lair:1   | HP: 23/84 [poisoned by a black mamba]
  8693 | Lair:2   | HP: 21/84 [naga/halberd (15)]
  8817 | Lair:2   | Found a staircase to the Snake Pit.
  8884 | Lair:2   | Reached skill level 11 in Armour
  8985 | Lair:2   | Noticed an eight-headed hydra
  8998 | Lair:2   | Killed a two-headed hydra
  8998 | Lair:2   | Reached skill level 18 in Axes
  9090 | Lair:2   | Noticed a four-headed hydra
  9146 | Lair:2   | Killed a one-headed hydra
  9466 | Lair:2   | Reached XP level 12. HP: 89/91 MP: 13/13
  9629 | D:8      | Bought a runed plate armour for 483 gold pieces
  9965 | Lair:3   | Reached skill level 19 in Axes
 10116 | Lair:3   | Found a frozen archway.
 10117 | Lair:3   | Reached skill level 12 in Armour
 10165 | IceCv    | Entered an ice cave
 10447 | IceCv    | Reached skill level 5 in Fighting
 10450 | IceCv    | HP: 22/94 [freezing wraith (7)]
 11240 | IceCv    | Reached skill level 13 in Armour
 11317 | IceCv    | Found an ancient bone altar of Kikubaaqudgha.
 11486 | Lair:3   | Reached skill level 6 in Fighting
 12516 | Lair:4   | Reached XP level 13. HP: 79/104 MP: 14/14
 12633 | Lair:4   | Reached skill level 7 in Fighting
 12956 | Lair:4   | Found a staircase to the Shoals.
 12972 | Lair:4   | Reached skill level 14 in Armour
 13953 | Lair:5   | Reached skill level 8 in Fighting
 14319 | Lair:5   | Reached skill level 20 in Axes
 14965 | Lair:1   | Reached skill level 9 in Fighting
 15151 | Lair:1   | Identified a scroll of acquirement
 15459 | D:9      | Reached skill level 15 in Armour
 15694 | D:9      | Found a deep blue altar of Sif Muna.
 16088 | D:10     | Entered Level 10 of the Dungeon
 16137 | D:10     | Noticed Joseph
 16156 | D:9      | Killed Joseph
 16241 | D:10     | Noticed Nergalle
 16944 | D:10     | Killed Nergalle
 17179 | D:10     | Reached skill level 10 in Fighting
 17182 | D:10     | Got a bound marble ring
 17740 | D:11     | Noticed Gruesome's ghost (journeyman FoFi)
 17872 | D:11     | Found a portal to a secret trove of treasure.
 18010 | Lair:1   | Identified the ring "Minwoj" {rCorr MP-9 Dex+3} (You took it off a kobold on level 10 of the Dungeon)
 18118 | D:11     | Killed Gruesome's ghost
 18393 | D:11     | Reached skill level 3 in Invocations
 18393 | D:11     | Reached XP level 14. HP: 114/121 MP: 7/16
 18919 | D:12     | Reached skill level 4 in Invocations
 19339 | D:12     | Found a staircase to the Orcish Mines.
 19503 | D:12     | Noticed Gastronok
 19625 | D:11     | Reached skill level 11 in Fighting
 19643 | D:11     | Reached skill level 5 in Invocations
 19705 | D:12     | Killed Gastronok
 19996 | Orc:1    | Entered Level 1 of the Orcish Mines
 20028 | Orc:1    | Reached skill level 6 in Invocations
 20561 | Orc:2    | Entered Level 2 of the Orcish Mines
 20618 | Orc:2    | Found a roughly hewn altar of Beogh.
 20745 | Orc:2    | Reached skill level 16 in Armour
 20893 | Orc:2    | Found a roughly hewn altar of Beogh.
 20911 | Orc:2    | Noticed Josephine
 20939 | Orc:2    | Killed Josephine
 21098 | Orc:2    | Found a staircase to the Elven Halls.
 21195 | Orc:2    | Found a roughly hewn altar of Beogh.
 21196 | Orc:2    | Found Saxt's Food Shop.
 21365 | Orc:2    | Reached skill level 7 in Invocations
 21535 | Orc:2    | Found a roughly hewn altar of Beogh.
 21536 | Orc:2    | Found Ohomuyn's Armour Emporium.
 21815 | Orc:2    | Noticed an orc warlord
 21949 | Orc:2    | Killed an orc warlord
 21949 | Orc:2    | Reached skill level 12 in Fighting
 22122 | Orc:2    | Found Cysoesm's Antique Armour Shop.
 22123 | Orc:2    | Found a roughly hewn altar of Beogh.
 22127 | Orc:2    | Found Ukaoch's Antique Weapon Boutique.
 22537 | D:13     | Found a gate to the Vaults.
 22559 | D:13     | Reached skill level 8 in Invocations
 22622 | D:13     | Reached skill level 1 in Evocations
 22772 | D:13     | Reached skill level 2 in Evocations
 23035 | D:13     | Reached XP level 15. HP: 78/133 MP: 21/21
 23238 | D:13     | Reached skill level 3 in Evocations
 23258 | D:13     | Noticed Sonja
 23266 | D:13     | Killed Sonja
 23578 | D:13     | Reached skill level 13 in Fighting
 23604 | D:13     | Reached skill level 4 in Evocations
 23839 | D:14     | Found Ofror's Distillery.
 23864 | D:14     | Bought a potion of curing for 48 gold pieces
 23864 | D:14     | Bought a potion of curing for 48 gold pieces
 23864 | D:14     | Bought a potion of heal wounds for 80 gold pieces
 23864 | D:14     | Bought a potion of berserk rage for 80 gold pieces
 23864 | D:14     | Bought a potion of invisibility for 128 gold pieces
 23890 | D:14     | Found Etiyb's Distillery.
 23912 | D:14     | Bought a potion of magic for 88 gold pieces
 23912 | D:14     | Bought a potion of heal wounds for 55 gold pieces
 23912 | D:14     | Bought a potion of heal wounds for 55 gold pieces
 23915 | D:14     | Found Hevvunk's Food Shop.
 23993 | D:14     | Noticed a frost giant
 24005 | D:14     | HP: 25/136 [frost giant/battleaxe of freezing (24)]
 24010 | D:14     | HP: 37/136 [frost giant/battleaxe of freezing (6)]
 24015 | D:14     | HP: 11/136 [frost giant/bolt of cold (11)]
 24020 | D:14     | HP: 29/136 [frost giant/battleaxe of freezing (13)]
 24021 | D:14     | Killed a frost giant
 24240 | D:14     | Reached skill level 17 in Armour
 24306 | D:14     | Reached skill level 5 in Evocations
 24976 | D:15     | Entered Level 15 of the Dungeon
 25360 | D:15     | HP: 29/137 [meliai/divine providence (13)]
 25570 | D:15     | Found a staircase to the Depths.
 25803 | D:15     | Reached skill level 6 in Evocations
 25833 | D:15     | HP: 37/137 [sun demon[a kobold demonologist] (18)]
 26152 | Lair:1   | Learned a level 2 spell: Swiftness
 26298 | D:14     | Reached skill level 14 in Fighting
 26468 | D:15     | Identified the Almanac of Dislocated Air
 26502 | D:15     | Found a large runed door.
 26537 | D:15     | Found a large runed door.
 26667 | D:15     | Noticed a storm dragon
 26684 | D:15     | Killed a storm dragon
 26700 | D:15     | Found a hazy altar of Hepliaklqana.
 26703 | D:15     | Found an opulent altar of Gozag.
 26998 | Shoals:1 | Entered Level 1 of the Shoals
 27304 | Shoals:1 | Reached skill level 1 in Dodging
 27305 | Shoals:1 | HP: 39/139 [snapping turtle (11)]
 27525 | Shoals:1 | Reached skill level 7 in Evocations
 27525 | Shoals:1 | Reached XP level 16. HP: 53/147 MP: 22/22
 27532 | Shoals:1 | HP: 43/147 [merfolk/trident of distortion (13)]
 27540 | Shoals:1 | HP: 27/147 [poisoned by a sea snake]
 27651 | Shoals:1 | HP: 40/147 [merfolk/trident (15)]
 27656 | Shoals:1 | HP: 56/220 [drowned by a water elemental (3)]
 27657 | Shoals:1 | Reached skill level 2 in Dodging
 28333 | Shoals:1 | HP: 38/147 [drowned by a water nymph (13)]
 28334 | Shoals:1 | Reached skill level 3 in Dodging
 28338 | Shoals:1 | HP: 23/147 [drowned by a water elemental (4)]
 28343 | Shoals:1 | HP: 18/147 [poisoned by a merfolk aquamancer]
 28348 | Shoals:1 | HP: 16/147 [poisoned by a merfolk aquamancer]
 28353 | Lair:4   | HP: 16/147 [poisoned by a merfolk aquamancer]
 28359 | Lair:4   | HP: 17/147 [poisoned by a merfolk aquamancer]
 28365 | Lair:4   | HP: 20/147 [poisoned by a merfolk aquamancer]
 28373 | Lair:4   | HP: 23/147 [poisoned by a merfolk aquamancer]
 28702 | Snake:1  | Entered Level 1 of the Snake Pit
 29154 | Snake:1  | Reached skill level 15 in Fighting
 29322 | Snake:1  | Reached skill level 8 in Evocations
 30197 | Snake:2  | Reached skill level 4 in Dodging
 30679 | Snake:2  | Noticed Vashnia
 31295 | Snake:2  | HP: 34/149 [Vashnia/bolt (34)]
 31296 | Snake:2  | HP: 8/149 [Vashnia/bolt (25)]
 31296 | Snake:2  | HP: 3/149 [Vashnia/bolt (5)]
 31301 | Snake:2  | HP: 34/149 [poisoned by Vashnia (splash of poison)]
 31307 | Snake:2  | HP: 32/149 [poisoned by Vashnia (splash of poison)]
 31312 | Snake:2  | HP: 32/149 [poisoned by Vashnia (splash of poison)]
 31319 | Snake:1  | HP: 34/149 [poisoned by Vashnia (splash of poison)]
 31326 | Snake:1  | HP: 37/149 [poisoned by Vashnia (splash of poison)]
 31334 | Snake:1  | HP: 41/149 [poisoned by Vashnia (splash of poison)]
 31607 | D:12     | Reached skill level 9 in Evocations
 31621 | D:12     | Reached skill level 18 in Armour
 31643 | D:12     | Got a twitching ivory ring
 31645 | D:12     | Got an ancient ring mail
 31666 | D:12     | Identified the ring of Benevolence {+Fly MR+ Int+3 Dex+3} (You found it on level 12 of the Dungeon)
 31700 | D:11     | Reached skill level 5 in Dodging
 32027 | Elf:1    | Entered Level 1 of the Elven Halls
 32171 | Elf:1    | HP: 39/149 [deep elf mage/bolt of fire (20)]
 32421 | Orc:2    | Reached skill level 1 in Charms
 32752 | Elf:1    | Noticed a Hell Sentinel
 32752 | Elf:1    | Reached skill level 1 in Spellcasting
 32752 | Elf:1    | Reached skill level 2 in Charms
 32854 | Elf:1    | Identified the Papyrus of the Last Nights
 33382 | Elf:1    | Reached skill level 3 in Charms
 33521 | Elf:1    | Reached XP level 17. HP: 95/156 MP: 23/23
 33632 | Orc:2    | Bought the +4 moon troll leather armour {Spirit, Regen++ MP+5} for 1364 gold pieces
 33834 | Lair:1   | Identified the cursed +0 ring mail "Kano Geaj" {rN+} (You found it on level 12 of the Dungeon)
 34180 | Elf:2    | Reached skill level 2 in Spellcasting
 34230 | Elf:2    | Reached skill level 4 in Charms
 34398 | Elf:1    | Reached skill level 6 in Dodging
 34593 | Elf:2    | Reached skill level 5 in Charms
 34760 | Elf:2    | Reached skill level 3 in Spellcasting
 34864 | Elf:2    | Found a runed gate.
 34865 | Elf:2    | Found a runed gate.
 34888 | Elf:2    | Found a runed gate.
 35114 | Elf:2    | Reached skill level 6 in Charms
 35263 | Elf:2    | Noticed a deep elf blademaster
 35289 | Elf:2    | HP: 29/156 [deep elf blademaster/vampiric rapier (20)]
 35295 | Elf:2    | HP: 21/156 [burnt (4)]
 35295 | Elf:2    | HP: 5/156 [deep elf mage/bolt of fire (18)]
 35546 | Elf:2    | Banished a deep elf blademaster
 35902 | Elf:2    | Reached skill level 7 in Dodging
 36035 | Elf:2    | Reached skill level 7 in Charms
 36069 | Elf:2    | Reached skill level 4 in Spellcasting
 36261 | Elf:2    | Reached skill level 1 in Air Magic
 36287 | Elf:2    | HP: 30/156 [scimitar of electrocution (20)]
 36916 | Lair:1   | Learned a level 1 spell: Apportation
 36923 | Lair:1   | Learned a level 6 spell: Haste
 37066 | Depths:1 | Entered Level 1 of the Depths
 37260 | Depths:1 | Reached skill level 2 in Air Magic
 37475 | Depths:1 | HP: 44/156 [sun demon (17)]
 37480 | Depths:1 | HP: 31/156 [sun demon (5)]
 37487 | Depths:1 | HP: 25/156 [poisoned by a crimson imp]
 37676 | Depths:1 | HP: 43/156 [burnt (6)]
 37681 | Depths:1 | HP: 42/156 [poisoned by a balrug]
 37978 | Depths:1 | Reached XP level 18. HP: 149/163 MP: 24/25
 38145 | Depths:1 | HP: 44/163 [ice dragon (10)]
 38149 | Depths:1 | Reached skill level 8 in Charms
 38150 | Depths:1 | HP: 41/163 [deep troll earth mage (3)]
 38158 | Depths:1 | HP: 40/163 [deep troll (11)]
 38281 | D:15     | Reached skill level 3 in Air Magic
 38285 | D:15     | Reached skill level 5 in Spellcasting
 38476 | D:15     | Reached skill level 8 in Dodging
 39286 | Depths:1 | Reached skill level 9 in Dodging
 39399 | Depths:1 | Found a one-way gate to the infinite horrors of the Abyss.
 39575 | Depths:1 | Found a gateway to Hell.
 40021 | Snake:2  | Banished Vashnia
 40061 | Snake:2  | Reached skill level 9 in Charms
 40347 | Snake:3  | Found an iron altar of Okawaru.
 40801 | Snake:3  | Reached skill level 10 in Dodging
 41688 | Snake:3  | HP: 37/163 [guardian serpent (19)]
 41695 | Snake:3  | HP: 44/163 [poisoned by a naga (splash of poison)]
 42134 | Snake:4  | Entered Level 4 of the Snake Pit
 42314 | Snake:3  | Reached XP level 19. HP: 120/170 MP: 21/26
 42412 | Snake:3  | Reached skill level 10 in Charms
 42568 | Snake:4  | Reached skill level 11 in Dodging
 43284 | Snake:4  | Noticed Jorgrun
 43312 | Snake:4  | Killed Jorgrun
 43567 | Snake:4  | Noticed Aizul
 43604 | Snake:3  | Killed Aizul
 43610 | Snake:3  | HP: 51/170 [poisoned by Aizul (bolt of poison)]
 43828 | Snake:4  | HP: 49/170 [naga warrior/halberd (10)]
 43833 | Snake:4  | HP: 38/170 [poisoned by a naga mage (splash of poison)]
 43834 | Snake:4  | HP: 15/170 [naga warrior/halberd (23)]
 43840 | Snake:4  | HP: 21/170 [poisoned by a naga mage (splash of poison)]
 43845 | Snake:3  | HP: 26/170 [poisoned by a naga mage (splash of poison)]
 43851 | Snake:3  | HP: 34/170 [poisoned by a naga mage (splash of poison)]
 43859 | Snake:3  | HP: 44/170 [poisoned by a naga mage (splash of poison)]
 44108 | Snake:4  | Reached skill level 12 in Dodging
 45195 | Snake:4  | Reached skill level 11 in Charms
 46269 | Snake:4  | Reached skill level 13 in Dodging
 46726 | Snake:4  | HP: 49/170 [greater naga/spear (11)]
 46727 | Snake:4  | Reached XP level 20. HP: 47/178 MP: 9/27
 46731 | Snake:4  | HP: 41/178 [poisoned by a naga (splash of poison)]
 46736 | Snake:4  | HP: 37/178 [poisoned by a naga (splash of poison)]
 46741 | Snake:4  | HP: 36/178 [poisoned by a naga (splash of poison)]
 46746 | Snake:4  | HP: 37/178 [poisoned by a naga (splash of poison)]
 46751 | Snake:4  | HP: 40/178 [poisoned by a naga (splash of poison)]
 46757 | Snake:4  | HP: 45/178 [poisoned by a naga (splash of poison)]
 46764 | Snake:4  | HP: 53/178 [poisoned by a naga (splash of poison)]
 47552 | Snake:4  | HP: 53/178 [poisoned by a greater naga (poison arrow)]
 47557 | Snake:4  | HP: 30/178 [poisoned by a greater naga (poison arrow)]
 47562 | Snake:4  | HP: 29/178 [poisoned by a greater naga (poison arrow)]
 47567 | Snake:4  | HP: 31/178 [poisoned by a greater naga (poison arrow)]
 47572 | Snake:4  | HP: 34/178 [poisoned by a greater naga (poison arrow)]
 47577 | Snake:4  | HP: 39/178 [poisoned by a greater naga (poison arrow)]
 47584 | Snake:4  | HP: 47/178 [poisoned by a greater naga (poison arrow)]
 47731 | Snake:4  | HP: 44/178 [guardian serpent/bolt of poison (25)]
 47735 | Snake:4  | HP: 21/178 [greater naga/bolt of poison (9)]
 47736 | Snake:4  | HP: 9/178 [guardian serpent (4)]
 47736 | Snake:4  | Shot with a bolt by a naga sharpshooter

Vault maps used:
D:1:      matt_arrival_spirals
D:2:      kennysheep_big_flooded_room, grunt_temple_overflow_open,
          kennysheep_vampire_church, overflow_temple_1_default,
          lemuel_blue_sif_altar, serial_glass, glass_columns_a, glass_columns_b,
          glass_columns_a, glass_columns_b, glass_columns_a, fountainhead,
          minmay_bisected, uniq_terence, uniq_robin, uniq_natasha
D:3:      fiery_altar_vehumet, uniq_sigmund
D:4:      nicolae_dithmenos_through_a_glass_darkly, okawaru_gym_becter,
          temple_green, enter_ossuary_2, hangedman_abyss_or_decor_lesser_grid,
          nicolae_tso_carved_into_rock
D:5:      kennysheep_slugbush, old_standard_altar, first_bread,
          uniq_crazy_yiuf_cottage
D:6:      marbit_many_paths, ashenzari_altar_1, uniq_prince_ribbit1
D:7:      kennysheep_mini_moat, lemuel_crystal_altar, uniq_pikel
D:8:      david_lair_shrubbed, serial_shops, shop_fountains,
          nicolae_shop_statue_plus, kennysheep_little_box, serial_bayou_crossing
D:9:      kennysheep_orc_sif_temple
D:10:     the_bakery, uniq_nergalle, uniq_joseph
D:11:     nicolae_trove_entry_diagonal, fungi_pond_lemuel, dk_vineyard_1,
          nrook_pool_corridor
D:12:     erik_orc_2, minmay_lindwurm_lava, uniq_gastronok
D:13:     erik_vaults_2, uniq_sonja
D:14:     minmay_stepped, serial_shops, shop, nicolae_shop_stone,
          nicolae_shop_trees, minmay_misc_feat_square
D:15:     hangedman_depths_entry_try_elsewhere_first, serial_bayou_shore_b,
          minmay_misc_feat_diagonals, minivault_11, st_stairs_14,
          jmf_multi_god_temple2
Temple:   circular_temple_pool_8
Lair:1:   infiniplex_staircase_pool
Lair:2:   guppyfry_snake_entry_garden
Lair:3:   portal_ice_cave_entry_ice_beasts, serial_bayou_shore_b
Lair:4:   elwin_shoals_entry_stream, minivault_19
Lair:5:   kennysheep_catoblepas_arena, grunt_megastairs_4, lemuel_fruit_fields
Snake:2:  nicolae_snake_linked_coils, grunt_megastairs_3, uniq_vashnia
Snake:3:  basic_altar
Snake:4:  grunt_snake_rune_spirals, grunt_ministairs_14, uniq_aizul,
          uniq_jorgrun
Orc:2:    grunt_orc_community_town_hall, grunt_orc_community_big_house_1,
          grunt_orc_community_big_house_1, grunt_orc_community_house_3,
          grunt_orc_community_house_3, grunt_orc_community_house_1,
          grunt_orc_community_house_3, grunt_orc_community_house_3,
          uniq_josephine
Elf:1:    minmay_elf_arrival_circle, minmay_elf_demonology, minivault_14,
          minmay_misc_feat_rows
Depths:1: nrook_mini_vaults, grunt_hell_entry_dis_mu, minmay_room_of_horrors,
          minmay_fire_ice_demons, serial_bayou_shore_b
Ossuary:  ossuary_tomb_1
IceCv:    ice_cave_small_necro

Skill      XL: |  1  2  3  4  5  6  7  8  9 10 11 12 13 14 15 16 17 18 19 |
---------------+----------------------------------------------------------+-----
Axes           | 3 4 5 7 9 11 14 16 18 19 20 | 20.0
Fighting       | 4 6 10 12 14 15 | 15.0
Armour         | 3 4 5 6 8 10 11 13 15 16 17 18 | 18.0
Invocations    | 3 8 |  8.0
Evocations     | 2 7 9 |  9.2
Dodging        | 1 5 7 10 13 | 13.7
Charms         | 3 7 9 11 | 11.8
Spellcasting   | 1 4 5 |  5.1
Air Magic      | 2 3 |  3.3

Action                   |  1- 3 |  4- 6 |  7- 9 | 10-12 | 13-15 | 16-18 | 19-21 || total
-------------------------+-------+-------+-------+-------+-------+-------+-------++-------
Melee: Hand axe          |   101 |    12 |       |    15 |       |       |       ||   128
       War axe           |       |   117 |   406 |   749 |   305 |    86 |       ||  1663
       Battleaxe         |       |       |       |       |  1706 |  1834 |   955 ||  4495
       Broad axe         |       |       |       |       |     2 |    92 |       ||    94
 Fire: Hunting sling     |     2 |    20 |    50 |    43 |   145 |       |       ||   260
Throw: Stone             |     1 |    11 |       |       |       |       |       ||    12
       Tomahawk          |       |       |       |    18 |    38 |    33 |       ||    89
       Javelin           |       |       |       |     7 |       |    47 |     4 ||    58
       Throwing net      |       |       |       |       |     1 |       |       ||     1
 Cast: Repel Missiles    |       |       |       |       |       |    15 |    27 ||    42
Invok: Banish            |       |       |       |       |       |     1 |       ||     1
       Bend Space        |       |       |       |       |       |       |     1 ||     1
 Abil: Evoke Flight      |       |       |       |       |     4 |     5 |       ||     9
       Stop Flying       |       |       |       |       |     1 |       |       ||     1
Evoke: Wand              |       |       |       |     2 |    19 |     2 |       ||    23
       Box of beasts     |       |       |       |       |     1 |     2 |       ||     3
  Use: Scroll            |     7 |     3 |     5 |    12 |    11 |    11 |     1 ||    50
       Potion            |     2 |       |       |     1 |     8 |     8 |     1 ||    20
 Stab: Paralysed         |       |       |       |     1 |     6 |     3 |       ||    10
       Distracted        |       |       |       |       |       |     2 |       ||     2
  Eat: Chunk             |     2 |     3 |    12 |    14 |    46 |    32 |     2 ||   111
       Pizza             |       |       |       |     1 |     6 |       |       ||     7
       Royal jelly       |       |       |       |     1 |       |     2 |       ||     3
       Bread ration      |       |       |       |     1 |       |     2 |     4 ||     7
       Beef jerky        |       |       |       |       |       |     2 |       ||     2
       Meat ration       |       |       |       |       |       |     1 |       ||     1
Armor: Scale mail        |    50 |     9 |       |       |       |       |       ||    59
       Chain mail        |       |    93 |    19 |       |       |       |       ||   112
       Plate armour      |       |       |   236 |   471 |  1389 |   367 |       ||  2463
       Skin              |       |       |       |       |    28 |       |       ||    28
       Troll leather arm |       |       |       |       |       |   545 |   198 ||   743
Dodge: Dodged            |    62 |    56 |    70 |   170 |   565 |   948 |   554 ||  2425
       Deflected         |       |       |       |       |       |    67 |    99 ||   166

Table legend:
 A = Turns spent in this place as a percentage of turns spent in the entire game.
 B = Non-inter-level travel turns spent in this place as a percentage of non-inter-level travel turns spent in the entire game.
 C = Inter-level travel turns spent in this place as a percentage of turns spent in this place.
 D = Turns resting spent in this place as a percentage of non-inter-level travel turns spent in this place.
 E = Turns spent auto-exploring this place as a percentage of non-inter-level travel turns spent in this place.
 F = Non-inter-level travel turns spent in this place divided by the number of levels of this place that you've seen.
                   A       B       C       D       E      F
               +-------+-------+-------+-------+-------+----------------------
         Total | 100.0 | 100.0 |   0.4 |   4.1 |   3.0 | 666.7
       Dungeon |  31.9 |  31.8 |   0.6 |   2.2 |   4.6 | 481.3
        Temple |   0.0 |   0.0 |  11.1 |   0.0 |  87.5 |   8.0
          Lair |  12.5 |  12.4 |   1.0 |   1.8 |   4.1 | 562.4
        Shoals |   3.1 |   3.1 |   0.0 |   4.6 |   1.9 | 697.0
     Snake Pit |  25.3 |  25.4 |   0.2 |   8.5 |   2.0 | 1436.8
  Orcish Mines |   6.8 |   6.8 |   0.4 |   2.3 |   0.8 | 766.5
   Elven Halls |   9.5 |   9.5 |   0.2 |   4.5 |   2.2 | 1074.5
        Depths |   5.6 |   5.6 |   0.1 |   2.6 |   2.7 | 1273.0
         Abyss |   0.1 |   0.1 |   0.0 |   0.0 |   0.0 |  32.0
       Ossuary |   1.7 |   1.7 |   0.0 |   0.0 |   0.0 | 376.0
      Ice Cave |   3.6 |   3.6 |   0.0 |   4.7 |   0.7 | 823.0
               +-------+-------+-------+-------+-------+----------------------

Vault maps used:
D:1:      matt_arrival_spirals
D:2:      kennysheep_big_flooded_room, grunt_temple_overflow_open,
          kennysheep_vampire_church, overflow_temple_1_default,
          lemuel_blue_sif_altar, serial_glass, glass_columns_a, glass_columns_b,
          glass_columns_a, glass_columns_b, glass_columns_a, fountainhead,
          minmay_bisected, uniq_terence, uniq_robin, uniq_natasha
D:3:      fiery_altar_vehumet, uniq_sigmund
D:4:      nicolae_dithmenos_through_a_glass_darkly, okawaru_gym_becter,
          temple_green, enter_ossuary_2, hangedman_abyss_or_decor_lesser_grid,
          nicolae_tso_carved_into_rock
D:5:      kennysheep_slugbush, old_standard_altar, first_bread,
          uniq_crazy_yiuf_cottage
D:6:      marbit_many_paths, ashenzari_altar_1, uniq_prince_ribbit1
D:7:      kennysheep_mini_moat, lemuel_crystal_altar, uniq_pikel
D:8:      david_lair_shrubbed, serial_shops, shop_fountains,
          nicolae_shop_statue_plus, kennysheep_little_box, serial_bayou_crossing
D:9:      kennysheep_orc_sif_temple
D:10:     the_bakery, uniq_nergalle, uniq_joseph
D:11:     nicolae_trove_entry_diagonal, fungi_pond_lemuel, dk_vineyard_1,
          nrook_pool_corridor
D:12:     erik_orc_2, minmay_lindwurm_lava, uniq_gastronok
D:13:     erik_vaults_2, uniq_sonja
D:14:     minmay_stepped, serial_shops, shop, nicolae_shop_stone,
          nicolae_shop_trees, minmay_misc_feat_square
D:15:     hangedman_depths_entry_try_elsewhere_first, serial_bayou_shore_b,
          minmay_misc_feat_diagonals, minivault_11, st_stairs_14,
          jmf_multi_god_temple2
Temple:   circular_temple_pool_8
Lair:1:   infiniplex_staircase_pool
Lair:2:   guppyfry_snake_entry_garden
Lair:3:   portal_ice_cave_entry_ice_beasts, serial_bayou_shore_b
Lair:4:   elwin_shoals_entry_stream, minivault_19
Lair:5:   kennysheep_catoblepas_arena, grunt_megastairs_4, lemuel_fruit_fields
Snake:2:  nicolae_snake_linked_coils, grunt_megastairs_3, uniq_vashnia
Snake:3:  basic_altar
Snake:4:  grunt_snake_rune_spirals, grunt_ministairs_14, uniq_aizul,
          uniq_jorgrun
Orc:2:    grunt_orc_community_town_hall, grunt_orc_community_big_house_1,
          grunt_orc_community_big_house_1, grunt_orc_community_house_3,
          grunt_orc_community_house_3, grunt_orc_community_house_1,
          grunt_orc_community_house_3, grunt_orc_community_house_3,
          uniq_josephine
Elf:1:    minmay_elf_arrival_circle, minmay_elf_demonology, minivault_14,
          minmay_misc_feat_rows
Depths:1: nrook_mini_vaults, grunt_hell_entry_dis_mu, minmay_room_of_horrors,
          minmay_fire_ice_demons, serial_bayou_shore_b
Ossuary:  ossuary_tomb_1
IceCv:    ice_cave_small_necro
